cohdb
Replays
Latest Replays
All Replays
Popular Replays
Top Player Replays
Match Explorer
How It Works
Community
CoH3 Stats
Reddit
Sign in to upload your games and track your stats! →
Sign in with Steam
Match 39966494
Unlisted
Match 39966494
Overview
Messages
Build Orders
End
Panzergrenadier Squad
250 Light Carrier
Selects Panzerjäger Kommand Battlegroup
Selects Mine Fields
Panzergrenadier Squad
Construct Light Support Kompanie
MG34 Team
Fire Support Elements
Flakvierling Half-track
Vehicle Survival Package
Veteran Squad Leaders
2.5-tonne Medical Truck
Panzerjäger Mechanized Group
Selects Tank Busters
Combat Half-tracks
AI Takeover
Thrusher
Slim
Yisus
SlugxTBR
Flo
Welly
g3org391
Feldwebel21
0
0
Comments
sign in to comment!
No comments posted yet!